 Seeded DCSS version 0.29.1-4-g47bece8355 (webtiles) character file.

Game seed: 1 (custom seed)

896 Kazon the Cudgeller (level 8, -1/52 HPs)
             Began as a Gargoyle Berserker on Dec 6, 2022.
             Was a Priest of Trog.
             Slain by a river rat (4 damage)
             ... summoned by Eustachio
             ... on level 5 of the Dungeon.
             The game lasted 00:17:26 (3431 turns).

Kazon the Cudgeller (Gargoyle Berserker)            Turns: 3431, Time: 00:17:27

Health: -1/52      AC: 12    Str: 20    XL:     8   Next: 7%
Magic:  8/8        EV: 12    Int: 11    God:    Trog [***...]
Gold:   336        SH:  3    Dex: 11    Spells: 7/7 levels left

rFire   . . .      SeeInvis .   y - +7 demon whip "Jacsynif" {drain, rPois rN+ Dex+2}
rCold   + . .      Faith    .   c - +0 buckler
rNeg    + + +      Spirit   .   b - +0 animal skin
rPois   ∞          Reflect  .   j - +0 helmet
rElec   +          Harm     .   (no cloak)
rCorr   .          Rampage  .   (no gloves)
Will    ++...                   l - +2 pair of boots
Stlth   +++.......              d - amulet of the acrobat
HPRegen 1.17/turn               q - ring of positive energy
MPRegen 0.11/turn               A - ring of protection from cold

@: strong-willed, on berserk cooldown, regenerating, slowed, very slow
A: sickness immunity, AC +5, negative energy resistance 1, electricity
resistance, torment resistance 1, petrification resistance
a: Renounce Religion, Berserk, Trog's Hand


You were on level 5 of the Dungeon.
You worshipped Trog.
Trog was most pleased with you.
You visited 1 branch of the dungeon, and saw 5 of its levels.

You collected 336 gold pieces.

Inventory:

Hand Weapons
 e - a +2 dagger of venom
 s - a +0 mace
 y - the +7 demon whip "Jacsynif" (weapon) {drain, rPois rN+ Dex+2}
   (You acquired it on level 1 of the Dungeon)

   A truly terrible weapon, it drains the life of any living foe it strikes.
   Dex:       It affects your dexterity (+2).
   rPois:     It protects you from poison.
   rN:        It protects you from negative energy.
Missiles
 h - a stone (quivered)
 n - 5 boomerangs
 z - 2 curare-tipped darts
Armour
 b - a +0 animal skin (worn)
 c - a +0 buckler (worn)
 j - a +0 helmet (worn)
 l - a +2 pair of boots (worn)
Jewellery
 d - an amulet of the acrobat (around neck)
 q - a ring of positive energy (left hand)
 A - a ring of protection from cold (right hand)
Wands
 x - a wand of mindburst (20)
Scrolls
 i - 8 scrolls of identify
 m - 2 scrolls of immolation {unknown}
 p - a scroll of poison {unknown}
 r - a scroll of teleportation {unknown}
 t - a scroll of fog {unknown}
 u - a scroll of noise {unknown}
 w - a scroll of magic mapping {unknown}
Potions
 a - a potion of ambrosia {unknown}
 f - a potion of flight {unknown}
 g - a potion of attraction {unknown}
 k - 2 potions of berserk rage {unknown}
 o - 2 potions of haste {unknown}
 v - 2 potions of lignification {unknown}
 B - a potion of cancellation {unknown}


   Skills:
 + Level 6.9 Fighting
 + Level 3.9 Short Blades
 + Level 7.1 Maces & Flails
 + Level 4.2 Throwing
 + Level 5.6 Armour
 + Level 4.4 Dodging
 + Level 5.7 Stealth
 * Level 0.9 Evocations


You had 7 spell levels left.
You didn't know any spells.
Your spell library was empty.

Dungeon Overview and Level Annotations

Branches:
Dungeon (5/15)
 Temple: D:4-7

Altars:
Hepliaklqana

Shops:
D:3 (

Annotations:
D:5 Eustachio


Innate Abilities, Weirdness & Mutations

You are immune to sickness and miasma.
Your stone body is resilient. (AC +5)
You are immune to poison.
You resist negative energy. (rN+)
You are resistant to electric shocks. (rElec)
You are resistant to unholy torment.
You are immune to petrification.


Message History

Eustachio blinks!
The quasit attacks as you move away! The quasit closely misses you.
The quasit completely misses you. The quasit barely misses you.
The river rat completely misses you. The river rat closely misses you.
The quasit completely misses you. The quasit closely misses you.
The quasit completely misses you. The river rat closely misses you.
The river rat misses you. The quasit attacks as you move away!
The quasit completely misses you. The quasit barely misses you.
The quasit claws you but does no damage.
The quokka completely misses you.
Eustachio gestures wildly while chanting.
The quokka completely misses you. The quokka barely misses you.
The river rat closely misses you.
The river rat twitches its whiskers.
Eustachio mumbles some strange words.
Eustachio blinks!
You hit the iron imp.
The iron imp is lightly wounded.
The shadow imp disappears in a puff of smoke!
The quokka closely misses you. The quokka barely misses you.
The river rat bites you!
* * * LOW HITPOINT WARNING * * *
The quasit closely misses you. x2; You block the quasit's attack.
Eustachio mumbles some strange words.
Eustachio blinks!
The quokka bites you but does no damage.
The quokka twitches its whiskers.
The quokka barely misses you.
Your skin crawls.
You feel strong-willed. The quasit barely misses you. x2
The quasit claws you but does no damage.
The river rat closely misses you. The iron imp hits you.
* * * LOW HITPOINT WARNING * * *
The quokka closely misses you. x2
The quasit bites you but does no damage.
The quasit barely misses you. You block the quasit's attack.
The crimson imp blinks!
The river rat bites you.
You die...

..###..###.##...#
.<....###.......##
......###......~.###
###...##.?.........##
.###..##.......$....##
..##..#........)...5.##
..##..#...............#
..###...........5r....#
.## #...........@rr...#
.# #...........5r§...#
## #...........@.....#
# #................## #
.................#
...(.............##
..$............####
#####......#..## ####..


You could see Eustachio, an iron imp (summoned), a quasit (summoned), a crimson
imp (summoned), 2 river rats and 2 quokkas.

Vanquished Creatures
  A sky beast (D:5)
  A centaur (D:5)
  4 scorpions
  A hound (D:4)
  An orc priest (D:3)
  2 iguanas
  Robin (D:3)
  6 gnolls
  6 adders
  An ufetubus (D:5)
  3 worms
  6 orcs
  11 endoplasms
  A giant cockroach (D:1)
  16 goblins
  9 hobgoblins
  A jackal (D:4)
  4 kobolds
  A quokka (D:1)
  5 ball pythons
  4 bats
  3 frilled lizards
  6 rats
94 creatures vanquished.

Notes
Turn   | Place    | Note
-------+----------+-------------------------------------------
     0 | D:1      | Kazon the Gargoyle Berserker began the quest for the Orb.
     0 | D:1      | Reached XP level 1. HP: 14/14 MP: 1/1
    32 | D:1      | Identified a scroll of acquirement
    32 | D:1      | Acquired the +7 demon whip "Jacsynif" {drain, rPois rN+
                  | Dex+2}
   285 | D:1      | Reached XP level 2. HP: 19/19 MP: 2/2
   908 | D:2      | Reached XP level 3. HP: 24/24 MP: 3/3
  1264 | D:2      | Reached ** piety under Trog
  1328 | D:2      | Reached XP level 4. HP: 27/29 MP: 4/4
  1389 | D:2      | Reached skill level 4 in Maces & Flails
  1708 | D:3      | Found Umat's Antique Weapon Boutique.
  1922 | D:3      | Reached XP level 5. HP: 29/34 MP: 5/5
  2008 | D:3      | Noticed Robin
  2014 | D:3      | Reached skill level 1 in Throwing
  2023 | D:3      | Killed Robin
  2096 | D:3      | Reached skill level 6 in Maces & Flails
  2096 | D:3      | Reached skill level 5 in Armour
  2096 | D:3      | Reached skill level 5 in Stealth
  2096 | D:3      | Reached XP level 6. HP: 42/42 MP: 6/6
  2248 | D:4      | Reached *** piety under Trog
  2364 | D:4      | Reached XP level 7. HP: 47/47 MP: 7/7
  2803 | D:4      | Found a hazy altar of Hepliaklqana.
  3197 | D:5      | Entered Level 5 of the Dungeon
  3370 | D:5      | Reached skill level 7 in Maces & Flails
  3390 | D:5      | Noticed Eustachio
  3421 | D:5      | Reached XP level 8. HP: 22/52 MP: 8/8
  3431 | D:5      | Slain by a river rat

Illustrated notes

Levels and vault maps discovered:
D:1:      dpeg_arrival_three_smaller_balls, layout_basic
D:2:      layout_loops_ring
D:3:      layout_basic, serial_shops, nicolae_shop_stone, st_stairs_9,
          minmay_misc_feat_doors, eino_curves_03, uniq_robin
D:4:      minmay_wonky_spiral, layout_basic,
          mainiacjoe_overflow_surrounded_room, minivault_5
D:5:      layout_cave_pods, uniq_menkaure, uniq_eustachio

Skill      XL: |  1  2  3  4  5  6  7 |
---------------+----------------------+-----
Fighting       | 4 6 |  6.9
Maces & Flails | 4 6 7 |  7.1
Dodging        | 2 4 |  4.4
Throwing       | 4 |  4.2
Short Blades   | 3 |  3.9
Armour         | 5 |  5.6
Stealth        | 5 |  5.7
Evocations     | |  0.9

Action                   |  1- 3 |  4- 6 |  7- 9 || total
-------------------------+-------+-------+-------++-------
Melee: Demon whip        |    58 |    74 |    40 ||   172
       Mace              |     1 |       |       ||     1
       Dagger            |       |       |    40 ||    40
Throw: Stone             |     9 |    16 |    15 ||    40
Invok: Trog's Hand       |       |       |     2 ||     2
       Berserk           |       |       |     1 ||     1
  Use: Scroll            |     1 |       |     1 ||     2
       Potion            |       |     1 |       ||     1
 Stab: Sleeping          |       |     1 |     5 ||     6
Armor: Animal skin       |    15 |    14 |    46 ||    75
Dodge: Dodged            |    33 |    40 |   119 ||   192
Block: Buckler           |       |       |    14 ||    14
